 Dungeon Sprint DCSS version 0.31-a0-256-g80acddb972 (webtiles) character file.

Game seed: 8752293298922822827

132 Conn the Firebug (level 5, -1/46 HPs)
             Began as an Octopode Fire Elementalist on July 13, 2023.
             Slain by a neqoxec (7 damage)
             ... in the Dungeon (Sprint II: "The Violet Keep of Menkaure").
             The game lasted 00:00:32 (17 turns).

Conn the Firebug (Octopode Fire Elementalist)         Turns: 17, Time: 00:00:33

Health: -1/46      AC:  1    Str:  7    XL:     5   Next: 15%
Magic:  3/12       EV: 14    Int: 19    God:
Gold:   0          SH:  0    Dex: 13    Spells: 12/13 levels left

rFire   . .          .
                       - Unarmed
rCold   . . .        (no shield)
rNeg    . . .        (helmet restricted)
rPois   .            (no amulet)
rElec   .            (no ring)
rCorr   .            (no ring)
SInv    .            (no ring)
Will    .....        (no ring) Stlth
                     (no ring)
HPRegen 0.27/turn    (no ring)
MPRegen 0.13/turn    (no ring)
                     (no ring)

%: no teleportation
@: berserking (expiring), hasted, very quick
A: almost no armour, amphibious, 8 rings, camouflage 1, gelatinous body 1,
(nimble swimmer 1), tentacles
a: no special abilities


You were in the Dungeon.
You visited 1 branch

Inventory:

Scrolls
 f - a scroll of blinking
Potions
 a - 3 potions of magic
 b - a potion of curing
 c - a potion of heal wounds


   Skills:
 + Level 3.6 Dodging
 - Level 2.6 Stealth
 - Level 3.7 Unarmed Combat
 * Level 4.7 Spellcasting
 * Level 3.7 Conjurations
 + Level 6.4 Fire Magic


You had 12 spell levels left.
You knew the following spells:

 Your Spells              Type           Power      Damage    Failure   Level
a - Foxfire               Conj/Fire      92%        2x1d8     1%          1

Your spell library contained the following spells:

 Spells                   Type           Power      Damage    Failure   Level
 Scorch                   Fire           58%        2d7       1%          2
 Inner Flame              Hex/Fire       16%        N/A       11%         3
 Volatile Blastmotes      Fire/Tloc      32%        2d12      11%         3
 Flame Wave               Conj/Fire      23%        2d8       16%         4


Dungeon Overview and Level Annotations

Branches:
Dungeon (1/1)

Altars:


Innate Abilities, Weirdness & Mutations

You cannot wear most types of armour.
You are amphibious.
You can wear up to eight rings at the same time.
Your skin changes colour to match your surroundings (Stealth+).
Your rubbery body absorbs attacks. (AC +1, EV +1)
((You are camouflaged when in or above water. (Stealth+)))
You have tentacles for arms and can constrict up to eight enemies at once.


Message History

Ouch! That really hurt!
You bludgeon the neqoxec!
The neqoxec is almost dead.
You constrict the neqoxec, but do no damage.
The neqoxec hits you.
* * * LOW HITPOINT WARNING * * *
You tentacle-slap the neqoxec.
The neqoxec is almost dead.
You constrict the neqoxec, but do no damage.
You tentacle-slap the neqoxec.
You kill the neqoxec!
A neqoxec comes into view.
Your Dodging skill increases to level 3!
Your Unarmed Combat skill gained 3 levels and is now at level 3!
Your Spellcasting skill gained 2 levels and is now at level 4!
Your Conjurations skill gained 2 levels and is now at level 3!
Your Fire Magic skill gained 3 levels and is now at level 6!
You have reached level 2!
You have reached level 3!
Your experience leads to an increase in your attributes!
Increase (S)trength, (I)ntelligence, or (D)exterity?
You feel clever. x2
You have reached level 4!
You have reached level 5!
You feel agile.
Unknown command.
Unknown command.
You bludgeon the neqoxec! Your grab misses the neqoxec.
The neqoxec is heavily wounded.
The neqoxec hits you!
* * * LOW HITPOINT WARNING * * *
You closely miss the neqoxec. You grab the neqoxec.
The neqoxec is heavily wounded.
You constrict the neqoxec.
You tentacle-slap the neqoxec but do no damage.
You squeeze the neqoxec!
The neqoxec is severely wounded.
You constrict the neqoxec, but do no damage.
The neqoxec hits you!
You die...

## #3## #
#@## ##w
##'#
#.w.##.##
#+.<.+
#.##.##
#w #+# #


You could see a neqoxec.

Vanquished Creatures
  A neqoxec (D)
1 creature vanquished.

Notes
Turn   | Place    | Note
-------+----------+-------------------------------------------
     0 | D        | Conn the Octopode Fire Elementalist began the quest for the
                  | Orb.
     0 | D        | Reached XP level 1. HP: 11/11 MP: 3/3
     4 | D        | Noticed a neqoxec
    14 | D        | Killed a neqoxec
    14 | D        | Noticed a neqoxec
    15 | D        | Reached skill level 6 in Fire Magic
    15 | D        | Reached XP level 2. HP: 7/17 MP: 3/7
    15 | D        | Reached XP level 3. HP: 9/21 MP: 3/9
    15 | D        | Reached XP level 4. HP: 12/27 MP: 3/10
    15 | D        | Reached XP level 5. HP: 14/31 MP: 3/12
    17 | D        | Slain by a neqoxec

Illustrated notes

Levels and vault maps discovered:
D:        the_violet_keep_of_menkaure [sprint2_stairs_cluster_1,
          sprint2_shoproom, sprint2_temple, sprint2_basic_supplies,
          sprint2_obstacle_1, sprint2_obstacle_5, sprint2_obstacle_3,
          sprint2_obstacle_2, sprint2_obstacle_4, sprint2_timed_cluster_1,
          sprint2_smallroom_cluster_1, sprint2_smallroom_final_cluster_1,
          sprint2_transparent_cluster_1, sprint2_second_timed_cluster_1,
          sprint2_sniper_area_1, sprint2_heavy_combat_area_1,
          sprint2_mutation_trap_area_1, sprint2_forest_area_1,
          sprint2_light_combat_area_1, sprint2_behind_water_1,
          sprint2_near_end_vault_1]

Skill      XL: |  1 |
---------------+----+-----
Dodging        | 3 |  3.6
Unarmed Combat | 3 |  3.7
Spellcasting   | 4 |  4.7
Conjurations   | 3 |  3.7
Fire Magic     | 6 |  6.4
Stealth        | |  2.6

Action                     |  1- 3 |  4- 6 || total
---------------------------+-------+-------++-------
  Melee: Unarmed           |     6 |     3 ||     9
         Constrict         |     1 |     1 ||     2
         Tentacles         |     1 |     1 ||     2
         Punch             |     1 |       ||     1
    Use: Potion            |     2 |       ||     2
 Armour: Skin              |     1 |       ||     1
  Dodge: Dodged            |     1 |       ||     1

Table legend: (Time is in decaauts)
 A = Elapsed time spent in this place.
 B = Non-inter-level travel time spent in this place.
 C = Inter-level travel time spent in this place.
 D = Time resting spent in this place.
 E = Time spent auto-exploring this place.
 F = Levels seen in this place.
 G = Mean time per level.
                   A        B        C        D        E       F      G
               +--------+--------+--------+--------+--------+-----+--------+
         Total |     13 |     13 |      0 |      0 |      0 |   1 |   13.0 |
       Dungeon |     13 |     13 |      0 |      0 |      0 |   1 |   13.0 |
               +--------+--------+--------+--------+--------+-----+--------+

Top non-repeatable levels by time:
       D: 13 daAuts
